 Dungeon Crawl Stone Soup version 0.29-a0-870-g2c972031a6 (webtiles) character file.

Game seed: 16908924969921045120

39972 jimonade the Eclecticist (level 14, -7/105 HPs)
             Began as a Djinni Fire Elementalist on July 17, 2022.
             Was an Elder of Makhleb.
             Mangled by a death yak (9 damage)
             ... on level 4 of the Lair of Beasts on July 18, 2022.
             The game lasted 01:11:38 (25160 turns).

jimonade the Eclecticist (DjFE)                    Turns: 25160, Time: 01:11:39

Health: -7/105     AC: 12    Str:  9    XL:     14   Next: 42%
Gold:   1022       EV: 13    Int: 19    God:    Makhleb [****..] SH:  9 Dex: 15

rFire   + + .      SeeInvis .   a - staff of conjuration
rCold   . . .      Faith    .   H - +0 kite shield
rNeg    . . .      Spirit   .   G - +0 steam dragon scales
rPois   ∞          Reflect  .   I - +1 hat
rElec   .          Harm     .   K - +1 cloak
rCorr   .          Rampage  .   (no gloves)
Will    +....                   (boots unavailable)
Stlth   ++........              (no amulet)
HPRegen 0.27/turn               n - ring of protection from cold
MPRegen 0.00/turn               y - +4 ring of protection

@: flying
A: sickness immunity, fire resistance 2, cold vulnerability 1, float, innate
caster, HP casting, extra vitality 1
a: Renounce Religion, Minor Destruction, Lesser Servant of Makhleb, Major
Destruction


You were on level 4 of the Lair of Beasts.
You worshipped Makhleb.
Makhleb was greatly pleased with you.
You visited 3 branches of the dungeon, and saw 15 of its levels.

You collected 1022 gold pieces.

Inventory:

Hand Weapons
 b - a +0 vampiric long sword
 L - a +3 sling of flaming
Missiles
 k - 32 poisoned darts
 q - 139 stones
 A - 3 throwing nets
 J - 13 boomerangs
 Y - 3 curare-tipped darts
Armour
 e - a +0 chain mail
 G - +0 steam dragon scales (worn)
 H - a +0 kite shield (worn)
 I - a +1 hat (worn)
 K - a +1 cloak (worn)
Magical Staves
 a - a staff of conjuration (weapon)
 t - a staff of earth
Jewellery
 h - an amulet of faith
 n - a ring of protection from cold (left hand)
 s - a +6 ring of strength
 y - a +4 ring of protection (right hand)
 O - a ring of protection from cold
 P - a +6 ring of intelligence
 X - a ring of resist corrosion
Wands
 f - a wand of mindburst (12)
 l - a wand of paralysis (11)
 m - a wand of acid (15)
 o - a wand of flame (41)
Scrolls
 c - 2 scrolls of magic mapping
 d - a scroll of fear
 i - a scroll of enchant armour
 j - a scroll of amnesia
 r - 5 scrolls of enchant weapon
 w - 7 scrolls of poison
 x - a scroll of immolation
 z - a scroll of blinking
 C - a scroll of brand weapon
 D - a scroll of torment {unknown}
 E - a scroll of fog {unknown}
 F - 3 scrolls of silence
 N - 3 scrolls of teleportation
 U - a scroll of noise
Potions
 u - 2 potions of haste
 B - 4 potions of curing
 M - a potion of berserk rage {unknown}
 R - 3 potions of might
 T - a potion of cancellation
 V - a potion of resistance
 W - 2 potions of brilliance
 Z - a potion of invisibility {unknown}


   Skills:
 * Level 11.1 Fighting
 - Level 0.1(0.6) Short Blades
 + Level 1.1 Long Blades
 + Level 2.5 Armour
 + Level 6.1 Dodging
 - Level 1.5 Stealth
 + Level 3.2 Shields
 + Level 15.6 Spellcasting


You had 11 spell levels left.
You knew the following spells:

 Your Spells              Type           Power      Damage    Failure   Level
a - Foxfire               Conj/Fire      100%       2x1d9     1%          1
b - Scorch                Fire           100%       2d10      1%          2
c - Conjure Flame         Conj/Fire      84%        6-21      1%          3
d - Inner Flame           Hex/Fire       65%        N/A       1%          3
e - Flame Wave            Conj/Fire      84%        2d15      1%          4
f - Apportation           Tloc           100%       N/A       1%          1
g - Searing Ray           Conj           100%       2d8       1%          2
h - Portal Projectile     Hex/Tloc       100%       N/A       1%          3
i - Summon Ice Beast      Ice/Summ       65%        N/A       1%          4
j - Summon Forest         Summ/Tloc      32%        N/A       1%          5
k - Silence               Hex/Air        32%        N/A       1%          5
Your spell library was empty.

Dungeon Overview and Level Annotations

Branches:
Dungeon (9/15)             Temple (1/1) D:7            Lair (5/5) D:9
  Swamp (0/4) Lair:2        Snake (0/4) Lair:2        Slime (0/5) Lair:4
    Orc: D:9-12

Altars:
Ashenzari
Cheibriados
Dithmenos
Elyvilon
Fedhas
Gozag
Hepliaklqana
Makhleb
Nemelex Xobeh
Okawaru
Qazlal
Ru
Trog
Uskayaw
Wu Jian
Xom
Yredelemnul
Zin
The Shining One

Shops:
D:1 [   D:6 *(

Annotations:
D:4 exclusion: downstairs
D:5 2 transporters
D:8 exclusion: orc knight
Lair:1 exclusion: downstairs


Innate Abilities, Weirdness & Mutations

You are immune to sickness and miasma.
You are immune to poison.
Your flesh is very heat resistant. (rF++)
You are vulnerable to cold. (rC-)
You float through the air rather than walking.
You learn spells naturally, not from books.
Your magical power is your life essence.
You have superior vitality. (+4 MHP)


Message History

Press: ? - help, Dir - move target, f - yak
Aim: a yak (chance to affect: 96%)
The yak is filled with an inner flame.
The yak gores you!
* * * LOW HITPOINT WARNING * * *
Casting: Inner Flame (safe; 1% risk of failure)
Confirm with . or Enter, or press ? or * to list all spells.
Casting: Flame Wave (safe; 1% risk of failure)
Press: ? - help, Dir - look around, f - activate You feel a surge of power!
A wave of flame ripples out!
The flame wave engulfs the yak!
The yak is moderately wounded.
The flame wave engulfs the death yak!
The death yak is lightly wounded.
The flame wave engulfs the yak!!
Flame seeps out of the yak.
The yak is heavily wounded. (Press . to intensify the flame waves.)
* * * LOW HITPOINT WARNING * * *
The yak is engulfed in blazing flames.
Flame seeps out of the yak.
The yak closely misses you. x2; The death yak gores you!
* * * LOW HITPOINT WARNING * * *
A wave of flame ripples out!
The flame wave engulfs the yak!!
You kill the yak!
Makhleb accepts your kill.
You feel better.
The flame wave engulfs the death yak!
The death yak is moderately wounded.
The flame wave engulfs the yak!
Makhleb accepts your kill.
You feel better.
The flame wave engulfs the yak.
The yak is lightly wounded.
* * * LOW HITPOINT WARNING * * *
The yak explodes!
The fiery explosion engulfs the death yak!!
The death yak is severely wounded.
The fiery explosion engulfs you! You resist.
* * * LOW HITPOINT WARNING * * *
You are engulfed in blazing flames.
You resist.
* * * LOW HITPOINT WARNING * * *
The death yak is engulfed in blazing flames.
The death yak gores you!
You die...

..................###..<#
....###.......#..##.#...#
..####.#......##...##...#
...................##...#
..+...P#......P#...P#...#
..##..........##........#
......P.......##.§.#....##
..##...+.......§○§......P#
..###.##......YY@§.##...##
...#..##.......##.##P...#
................##......#
........................##
..........>..............#
........................P##
..........................#
...#.#..P....#.......##.PP#
.....P.#......##.##.##...##


You could see a death yak and a yak.

Vanquished Creatures
  3 hydras
  2 boulder beetles
  9 death yaks
  Amaemon (Lair:3)
  3 black mambas
  4 elephants
  An orange demon (Lair:3)
  8 cane toads
  2 rime drakes (Lair:4)
  6 komodo dragons
  A kobold demonologist (D:9)
  3 polar bears
  2 hornets
  Prince Ribbit (Lair:3)
  6 blink frogs
  Sigmund (D:3)
  44 yaks
  A basilisk (Lair:1)
  3 steam dragons
  3 wyverns
  4 swamp worms (Lair:2)
  20 water moccasins
  3 orc warriors
  2 sky beasts (D:8)
  5 ice beasts
  2 ogres (D:6)
  4 wolves (Lair:3)
  3 centaurs
  A phantom (D:4)
  3 kobold brigands
  7 bullfrogs
  3 necrophages (D:5)
  4 gnoll sergeants
  A scorpion (D:5)
  5 wights (D:4)
  7 killer bees
  3 electric eels (D:8)
  2 howler monkeys
  7 jellies
  2 hounds
  4 orc priests
  4 gnoll boudas
  Jessica (D:2)
  5 iguanas
  7 orc wizards
  30 gnolls
  7 adders
  A shadow imp (D:7)
  A white imp (D:8)
  A worm (D:2)
  2 dart slugs
  26 orcs
  10 ball pythons
  12 bats
  4 endoplasms
  3 giant cockroaches
  6 goblins
  5 hobgoblins
  11 jackals
  10 kobolds
  6 quokkas
  4 frilled lizards (D:3)
  5 rats
  A bush (Lair:4)
  2 snaplasher vines
360 creatures vanquished.

Vanquished Creatures (collateral kills)
  2 hydras
  Sonja (Lair:2)
  An elephant (Lair:2)
  3 black mambas
  A komodo dragon (Lair:2)
  4 blink frogs (Lair:3)
  4 dream sheep (Lair:3)
  11 yaks
  2 water moccasins (Lair:2)
  5 wolves (Lair:3)
  4 bullfrogs
  A gnoll bouda (Lair:3)
  8 foxfires
47 creatures vanquished.

Vanquished Creatures (others)
  599 foxfires
  55 fungi
  73 plants
  4 snaplasher vines
731 creatures vanquished.

Grand Total: 1138 creatures vanquished

Notes
Turn   | Place    | Note
-------+----------+-------------------------------------------
     0 | D:1      | jimonade the Djinni Fire Elementalist began the quest for
                  | the Orb.
     0 | D:1      | jimonade set off with the following spells memorised:
                  | Foxfire, Scorch, Conjure Flame, Inner Flame, Flame Wave.
     0 | D:1      | Reached XP level 1. HP: 15/15 MP: 0/0
   366 | D:1      | Reached XP level 2. HP: 20/21 MP: 0/0
   455 | D:1      | Found a faded altar of an unknown god.
   697 | D:1      | Found Kusik's Antique Armour Shop.
   980 | D:1      | Reached skill level 3 in Spellcasting
  1269 | D:2      | Noticed Jessica
  1276 | D:2      | Reached XP level 3. HP: 11/26 MP: 0/0
  1276 | D:2      | Learned a level 1 spell: Apportation
  1466 | D:2      | Killed Jessica
  1467 | D:2      | Reached skill level 1 in Fighting
  1509 | D:2      | Reached XP level 4. HP: 27/32 MP: 0/0
  2096 | D:2      | Reached XP level 5. HP: 21/37 MP: 0/0
  2096 | D:2      | Learned a level 2 spell: Searing Ray
  3298 | D:3      | Noticed Sigmund
  3305 | D:3      | Killed Sigmund
  3306 | D:3      | Reached skill level 4 in Spellcasting
  3306 | D:3      | Reached XP level 6. HP: 32/45 MP: 0/0
  4099 | D:4      | Reached XP level 7. HP: 43/49 MP: 0/0
  4099 | D:4      | Learned a level 3 spell: Portal Projectile
  4254 | D:4      | Reached skill level 5 in Spellcasting
  4652 | D:4      | Reached XP level 8. HP: 53/57 MP: 0/0
  5294 | D:4      | Reached skill level 6 in Spellcasting
  5744 | D:5      | Entered Level 5 of the Dungeon
  6305 | D:5      | Reached skill level 7 in Spellcasting
  6305 | D:5      | Reached XP level 9. HP: 49/63 MP: 0/0
  6305 | D:5      | Learned a level 4 spell: Summon Ice Beast
  6387 | D:4      | HP: 1/63 [spore (9)]
  6909 | D:5      | Found a shimmering altar of Xom.
  7065 | D:5      | Reached skill level 5 in Fighting
  7231 | D:5      | Reached skill level 8 in Spellcasting
  7405 | D:5      | Found a transporter.
  7422 | D:5      | Found a transporter.
  7485 | D:5      | Found a bloodstained altar of Trog.
  7869 | D:6      | Found Logeimp's Weapon Boutique.
  8045 | D:6      | Found Kiagiqono's Assorted Antiques.
  9083 | D:7      | Noticed a hornet
  9090 | D:7      | Killed a hornet
  9095 | D:7      | Reached XP level 10. HP: 53/71 MP: 0/0
  9237 | D:7      | Reached skill level 9 in Spellcasting
  9628 | D:7      | Found a staircase to the Ecumenical Temple.
  9638 | Temple   | Entered the Ecumenical Temple
 10091 | Temple   | Became a worshipper of Makhleb the Destroyer
 10890 | D:7      | Found an ornate altar of the Wu Jian Council.
 11109 | D:8      | Reached skill level 1 in Armour
 11156 | D:8      | Noticed a komodo dragon
 11162 | D:8      | Killed a komodo dragon
 12049 | D:8      | Identified the ring "Viaclun" {rElec rN+ Int+4 Dex-4 SInv}
 12049 | D:8      | Noticed an orc knight
 12113 | D:9      | Reached skill level 1 in Shields
 12113 | D:9      | Reached skill level 10 in Spellcasting
 12119 | D:9      | Reached * piety under Makhleb
 12312 | D:9      | Noticed a kobold demonologist
 12318 | D:9      | Noticed a rust devil
 12319 | D:9      | Killed a kobold demonologist
 12798 | D:9      | Found an iron altar of Okawaru.
 12879 | D:9      | Reached XP level 11. HP: 59/79 MP: 0/0
 12879 | D:9      | Learned a level 5 spell: Summon Forest
 13092 | D:9      | Found a staircase to the Lair.
 13890 | Lair:1   | Entered Level 1 of the Lair of Beasts
 14281 | Lair:1   | Reached skill level 11 in Spellcasting
 14657 | Lair:1   | Reached skill level 1 in Long Blades
 15028 | Lair:2   | Reached ** piety under Makhleb
 15202 | Lair:2   | Noticed Sonja
 15216 | Lair:2   | Killed Sonja
 15328 | Lair:2   | Reached skill level 12 in Spellcasting
 15328 | Lair:2   | Reached XP level 12. HP: 58/86 MP: 0/0
 15751 | Lair:2   | Found a staircase to the Snake Pit.
 15763 | Lair:2   | Reached skill level 5 in Dodging
 16516 | Lair:2   | Noticed a death yak
 16516 | Lair:2   | Noticed a death yak
 16517 | Lair:2   | Noticed a death yak
 16518 | Lair:2   | Noticed a death yak
 16520 | Lair:2   | Noticed a death yak
 16522 | Lair:2   | Noticed a seven-headed hydra
 16531 | Lair:2   | Noticed a death yak
 16531 | Lair:2   | Killed a death yak
 16531 | Lair:2   | Killed a death yak
 16532 | Lair:2   | Reached skill level 13 in Spellcasting
 16533 | Lair:2   | Killed a death yak
 16833 | Lair:2   | Found a staircase to the Swamp.
 16881 | Lair:2   | Noticed a boulder beetle
 16890 | Lair:2   | Noticed an eight-headed hydra
 16892 | Lair:2   | Killed a boulder beetle
 16900 | Lair:2   | Killed an eight-headed hydra
 17074 | Lair:2   | Killed a seven-headed hydra
 17134 | Lair:1   | Reached XP level 13. HP: 13/94 MP: 0/0
 17134 | Lair:1   | Learned a level 5 spell: Silence
 17542 | Lair:2   | Reached *** piety under Makhleb
 18734 | Lair:3   | Reached skill level 14 in Spellcasting
 19224 | Lair:3   | Reached skill level 10 in Fighting
 19337 | Lair:3   | Noticed Amaemon
 19380 | Lair:3   | Killed Amaemon
 20075 | Lair:3   | Reached **** piety under Makhleb
 20115 | Lair:3   | Noticed a six-headed hydra
 20122 | Lair:3   | Killed a six-headed hydra
 20289 | Lair:3   | Noticed Prince Ribbit
 20292 | Lair:3   | Killed Prince Ribbit
 21309 | Lair:4   | Noticed a five-headed hydra
 21319 | Lair:4   | Killed a five-headed hydra
 21320 | Lair:4   | Reached skill level 15 in Spellcasting
 21320 | Lair:4   | Reached XP level 14. HP: 41/103 MP: 0/0
 21691 | Lair:4   | Identified the +0 buckler "Ethoavism" {rElec rF- rCorr}
 21755 | Lair:4   | Found a staircase to the Slime Pits.
 22204 | Lair:4   | Identified a scroll of acquirement
 22204 | Lair:4   | Acquired a staff of conjuration
 22807 | Lair:4   | Identified the +1 leather armour "Sicairire" {Int+2}
 22959 | Lair:5   | Entered Level 5 of the Lair of Beasts
 24517 | Lair:4   | Found a staircase to the Slime Pits.
 25160 | Lair:4   | HP: 2/105 [cloud of flame (6)]
 25160 | Lair:4   | Mangled by a death yak

Illustrated notes

Levels and vault maps discovered:
D:1:      spicycebolla_green_bress_n_ham_2, layout_basic, serial_shops,
          shop_coins, hellmonk_ecumenical_altar_crossroads
D:2:      layout_rooms, minmay_quadrilaterals, uniq_jessica
D:3:      layout_basic, corexii_item_surrounded_by_moat, minmay_close_crescents,
          uniq_sigmund
D:4:      layout_loops_ring
D:5:      gammafunk_wand_slinger, layout_rooms, dk_noncrumbling_4,
          hangedman_feature_mirror, kennysheep_another_room
D:6:      layout_loops_cross, serial_shops, nicolae_inconvenience_store, shop
D:7:      layout_basic, lemuel_coloured_pillars_altar,
          minmay_temple_entry_sparse_star
D:8:      nzn_winding_woodlands_cross [nzn_winding_woodlands_5x15_zeroes,
          nzn_winding_woodlands_5x15_pathside_ponds,
          nzn_winding_woodlands_5x15_pockets, nzn_winding_woodlands_5x15_pool,
          nzn_winding_woodlands_15x15_eel_pit], layout_loops_ring,
          minmay_misc_feat_doors
D:9:      layout_gridville, okawaru_altar_gauntlet_db, dpeg_oklobed_lair
Temple:   mainiacjoe_temple_big_plus
Lair:1:   layout_small_grid, grunt_megastairs_1
Lair:2:   layout_roguey, palyth_hydra_swamp_entry,
          minmay_snake_entry_six_corridors, uniq_sonja
Lair:3:   layout_cave_pods, chequers_serial_rivers_room_a,
          dreamdust_gnoll_shepherd, uniq_amaemon, uniq_prince_ribbit2
Lair:4:   layout_regular_city, nicolae_slime_entry_slimehenge
Lair:5:   wormcave, layout_misc_corridors, guppyfry_lair_end_dragon,
          infiniplex_staircase_pool_2, grunt_megastairs_4, serial_bayou_shore_b

Skill      XL: |  1  2  3  4  5  6  7  8  9 10 11 12 13 14 |
---------------+-------------------------------------------+-----
Spellcasting   | 3 4 5 7 8 10 12 13 15 | 15.6
Fighting       | 1 2 3 4 5 7 8 9 10 11 | 11.1
Dodging        | 3 4 5 6 |  6.1
Armour         | 2 |  2.5
Shields        | 1 2 3 |  3.2
Long Blades    | 1 |  1.1
Short Blades   | |  0.1
Stealth        | |  1.5

Action                   |  1- 3 |  4- 6 |  7- 9 | 10-12 | 13-15 || total
-------------------------+-------+-------+-------+-------+-------++-------
Melee: Dagger            |       |    64 |       |       |       ||    64
       Punch             |       |     1 |       |       |       ||     1
       Halberd           |       |       |     7 |       |       ||     7
       Long sword        |       |       |       |     8 |       ||     8
       Staff             |       |       |       |       |     2 ||     2
 Fire: Sling             |       |    13 |       |       |       ||    13
 Cast: Foxfire           |    25 |    51 |    67 |   109 |   113 ||   365
       Scorch            |     9 |    24 |    75 |   125 |    82 ||   315
       Inner Flame       |       |       |    31 |    91 |    62 ||   184
       Searing Ray       |       |       |     1 |     1 |       ||     2
       Conjure Flame     |       |       |     3 |     1 |       ||     4
       Portal Projectile |       |       |     1 |       |       ||     1
       Summon Ice Beast  |       |       |       |     9 |    13 ||    22
       Summon Forest     |       |       |       |     5 |    10 ||    15
       Flame Wave        |       |       |       |     1 |     9 ||    10
  Use: Scroll            |       |       |     7 |     8 |    12 ||    27
       Potion            |       |       |       |     3 |     2 ||     5
 Stab: Sleeping          |       |     1 |       |     1 |       ||     2
Armor: Robe              |     4 |    32 |     3 |       |       ||    39
       Leather armour    |       |       |     1 |     9 |       ||    10
       Steam dragon scal |       |       |       |    14 |    38 ||    52
Dodge: Dodged            |     3 |    61 |    29 |    69 |    73 ||   235
Block: Kite shield       |       |       |       |    33 |    56 ||    89

Table legend: (Time is in decaauts)
 A = Elapsed time spent in this place.
 B = Non-inter-level travel time spent in this place.
 C = Inter-level travel time spent in this place.
 D = Time resting spent in this place.
 E = Time spent auto-exploring this place.
 F = Levels seen in this place.
 G = Mean time per level.
                   A        B        C        D        E       F      G
               +--------+--------+--------+--------+--------+-----+--------+
         Total |  25191 |  24484 |    707 |   8436 |  11742 |  15 | 1679.4 |
       Dungeon |  13414 |  13068 |    346 |   4397 |   6200 |   9 | 1490.4 |
        Temple |    491 |    392 |     99 |      0 |    385 |   1 |  491.0 |
          Lair |  11285 |  11023 |    262 |   4039 |   5157 |   5 | 2257.0 |
               +--------+--------+--------+--------+--------+-----+--------+

Top non-repeatable levels by time:
  Lair:4: 3628 daAuts
  Lair:2: 2923 daAuts
     D:4: 2589 daAuts
  Lair:1: 2337 daAuts
  Lair:3: 2327 daAuts
     D:7: 1837 daAuts
     D:2: 1496 daAuts
     D:1: 1438 daAuts
     D:3: 1325 daAuts
     D:6: 1316 daAuts
     D:9: 1309 daAuts
     D:8: 1107 daAuts
     D:5: 993 daAuts
  Temple: 491 daAuts
  Lair:5: 68 daAuts
